Map: Lightshade LE

Players

SKillous

  • Race: Protoss Protoss

Spirit (souL) - Winner!

  • Race: Terran Terran

Event: DreamHack SC2 Masters 2021 Winter

VOD

Have the link to the VOD?

Description

Time

  • Played on: Oct. 13, 2021, 12:44 p.m.
  • Length: 11:30

All games in this series

Show
View Real Time Build Order
Export as new Build Order

SKillous Protoss 

Build Orders: 1 Gate Expand, Blink Stalkers 

Get SALT Encoding   

  12  0:00  Probe  
  13  0:12  Probe  
  14  0:17  Pylon  
  14  0:24  Probe (Chrono Boost)  
  15  0:36  Gateway, Probe (Chrono Boost)  
  16  0:44  Probe (Chrono Boost)  
  16  0:45  Assimilator  
  17  0:50  Probe  
  18  1:03  Probe  
  19  1:15  Probe  
  20  1:21  Nexus  
  20  1:32  Cybernetics Core  
  20  1:35  Probe  
  21  1:40  Assimilator  
  21  1:47  Probe  
  21  1:49  Pylon  
  22  1:59  Probe  
  23  2:05  Stalker (Chrono Boost)  
  25  2:08  Warp Gate  
  25  2:11  Probe  
  26  2:21  Twilight Council  
  26  2:23  Probe  
  27  2:30  Stalker  
  27  2:35  Probe  
  27  2:36  Probe  
  31  2:47  Probe (Chrono Boost)  
  31  2:48  Probe (Chrono Boost)  
  33  2:51  Blink (Chrono Boost)  
  35  2:59  Probe (Chrono Boost)  
  35  3:00  Probe (Chrono Boost)  
  35  3:04  Probe x2 (Chrono Boost)  
  37  3:14  Robotics Facility, Probe  
  37  3:15  Probe  
  39  3:26  Probe  
  40  3:28  Probe, Pylon  
  40  3:29  Gateway  
  41  3:38  Probe  
  41  3:40  Probe  
  43  3:47  Shield Battery  
  43  3:53  Nexus, Probe  
  43  3:55  Probe  
  45  3:59  Stalker  
  45  4:02  Observer  
  48  4:04  Pylon  
  48  4:06  Probe  
  49  4:10  Probe  
  49  4:12  Assimilator  
  50  4:18  Probe  
  50  4:20  Pylon  
  50  4:22  Stalker  
  50  4:23  Stalker  
  55  4:24  Probe  
  55  4:28  Observer  
  57  4:32  Probe  
  57  4:35  Shield Battery  
  57  4:37  Charge  
  58  4:39  Probe  
  59  4:46  Stalker x2, Pylon  
  63  4:53  Probe  
  63  4:54  Observer  
  63  4:58  Probe (Chrono Boost)  
  64  5:05  Probe (Chrono Boost)  
  64  5:10  Probe x2 (Chrono Boost)  
  65  5:16  Probe (Chrono Boost)  
  65  5:20  Probe (Chrono Boost)  
  68  5:21  Gateway  
  68  5:23  Gateway x2, Probe (Chrono Boost)  
  68  5:25  Probe (Chrono Boost)  
  70  5:29  Sentry x2  
  70  5:33  Observer, Probe (Chrono Boost)  
  70  5:34  Probe (Chrono Boost)  
  76  5:35  Pylon  
  76  5:36  Probe (Chrono Boost)  
  76  5:42  Probe  
  74  5:44  Probe  
  74  5:46  Gateway  
  74  5:47  Gateway  
  74  5:48  Gateway  
  76  5:56  Probe  
  77  5:57  Sentry  
  77  5:58  Sentry  
  77  6:01  Probe x2, Pylon  
  82  6:08  Probe  
  80  6:13  Probe x2  
  82  6:20  Stalker x2, Probe  
  88  6:32  Pylon  
  87  6:35  Zealot x3  
  87  6:36  Observer  
  87  6:39  Warp Prism  
  92  6:43  Zealot x5  
  102  6:47  Pylon  
  102  6:55  Zealot x3  
  108  7:03  Pylon  
  108  7:06  Zealot x5  
  106  7:19  Zealot x3  
  106  7:21  Probe x2  
  114  7:24  Assimilator  
  114  7:26  Dark Shrine  
  114  7:30  Zealot x3  
  114  7:31  Zealot x2  
  114  7:35  Pylon  
  124  7:40  Zealot x3  
  128  7:44  Probe  
  128  7:46  Observer  
  121  7:57  Zealot x5  
  125  8:02  Stalker x2  
  129  8:11  Pylon  
  129  8:14  Assimilator  
  129  8:16  Forge  
  129  8:20  Shield Battery  
  129  8:29  Zealot x6  
  141  8:35  Gateway, Pylon  
  141  8:36  Gateway  
  141  8:40  Dark Templar x2  
  142  8:53  Observer (Chrono Boost)  
  120  8:55  Dark Templar  
  120  8:59  Dark Templar  
  120  9:06  Dark Templar  
  120  9:07  Zealot x3  
  110  9:25  Zealot x2  
  114  9:31  Zealot x6  
  114  9:32  Zealot  
  114  9:51  Zealot x6  
  114  9:52  Zealot  
  61  10:07  Observer  
  61  10:09  Observer (Chrono Boost)  
  61  10:12  Sentry  
  61  10:13  Observer, Sentry x4  
  72  10:15  Stalker x2  
  72  10:19  Sentry  
  72  10:21  Sentry  
  78  10:30  Stalker  
  59  10:59  Zealot x2  
Show
View Real Time Build Order
Export as new Build Order

Spirit Terran - Winner!

Build Orders:  

Get SALT Encoding   

  12  0:00  SCV  
  13  0:12  SCV  
  14  0:16  Supply Depot  
  14  0:24  SCV  
  15  0:38  SCV  
  15  0:41  Barracks  
  16  0:44  Refinery  
  16  0:50  SCV  
  17  1:02  SCV  
  18  1:14  SCV  
  19  1:28  Marine, Orbital Command  
  20  1:40  Command Center  
  21  1:49  Barracks Reactor  
  21  1:53  Supply Depot  
  20  1:55  SCV  
  21  2:07  SCV  
  22  2:10  Factory  
  22  2:19  SCV  
  23  2:23  Bunker  
  23  2:25  Marine  
  23  2:27  Marine  
  25  2:31  SCV  
  25  2:34  Refinery  
  26  2:43  SCV, Marine  
  28  2:45  Marine  
  29  2:53  Orbital Command  
  29  2:55  SCV  
  30  3:01  Widow Mine  
  30  3:03  Starport  
  31  3:08  SCV  
  31  3:11  Marine  
  33  3:12  Marine  
  33  3:19  SCV  
  35  3:21  SCV  
  35  3:22  Widow Mine  
  38  3:31  SCV  
  38  3:33  Supply Depot, SCV  
  42  3:41  Medivac  
  42  3:43  SCV  
  42  3:44  Widow Mine  
  45  3:49  Engineering Bay, Barracks  
  45  3:54  Supply Depot  
  45  3:55  SCV  
  46  3:56  Marine  
  46  3:59  Marine  
  46  4:00  SCV  
  49  4:07  SCV, Factory Tech Lab  
  50  4:13  SCV, Starport Tech Lab  
  50  4:14  Marine  
  52  4:18  Missile Turret, Marine  
  52  4:19  SCV  
  54  4:25  SCV  
  54  4:26  Barracks  
  55  4:31  SCV, Raven  
  55  4:34  Terran Infantry Weapons Level 1  
  55  4:35  Marine  
  59  4:39  SCV  
  59  4:43  Supply Depot  
  59  4:44  Marine  
  59  4:45  Stimpack  
  61  4:50  SCV  
  62  4:55  Refinery  
  62  4:56  Marine  
  59  5:00  Marine  
  59  5:01  SCV  
  59  5:02  Marine  
  59  5:04  SCV  
  63  5:13  SCV  
  64  5:14  Supply Depot, Marine  
  64  5:16  SCV  
  64  5:17  Supply Depot  
  64  5:18  Factory Reactor, Marine  
  64  5:20  Marine  
  68  5:22  Starport Reactor  
  68  5:25  SCV, Combat Shield  
  69  5:28  SCV  
  69  5:32  Refinery  
  70  5:36  Marauder x2, Marine  
  70  5:37  SCV  
  70  5:41  SCV  
  70  5:42  Supply Depot  
  75  5:52  Supply Depot  
  75  5:56  SCV  
  76  5:58  Marauder x2  
  76  5:59  Medivac  
  76  6:01  Medivac  
  76  6:02  Widow Mine  
  86  6:05  Marine  
  86  6:07  Supply Depot, Marine  
  86  6:08  SCV  
  87  6:12  SCV  
  86  6:19  Marauder x2  
  86  6:22  Widow Mine  
  86  6:23  Widow Mine, Marine  
  86  6:25  Supply Depot, Marine  
  95  6:40  Marauder x2, Medivac x2  
  95  6:41  Marine  
  95  6:43  Marine  
  95  6:47  Widow Mine x2  
  108  6:53  Command Center  
  107  6:57  SCV  
  107  6:59  Marine  
  107  7:00  Marine  
  110  7:01  SCV  
  110  7:02  Marauder x2  
  112  7:11  Widow Mine x2  
  114  7:16  Marine  
  114  7:18  SCV x2, Marine  
  114  7:20  Terran Infantry Armor Level 1  
  116  7:23  Marine  
  116  7:24  Marauder  
  119  7:30  SCV  
  119  7:31  Barracks  
  119  7:33  Widow Mine  
  119  7:34  Widow Mine, Marine, Barracks  
  119  7:36  Marine  
  126  7:45  Supply Depot  
  126  7:47  Supply Depot  
  125  7:52  Marine  
  125  7:53  SCV  
  125  7:56  Marauder  
  126  8:01  Armory  
  126  8:04  Marine  
  126  8:05  Marauder, Widow Mine, SCV  
  132  8:08  Medivac x2  
  132  8:10  SCV, Marine  
  138  8:15  Orbital Command  
  138  8:17  SCV  
  139  8:22  Marauder, SCV  
  139  8:24  Barracks Reactor, Barracks Tech Lab  
  142  8:29  SCV  
  142  8:32  Marine  
  144  8:34  SCV  
  144  8:35  Marine  
  144  8:36  Marauder  
  145  8:42  Marine  
  145  8:43  Marine  
  141  8:50  Marine  
  141  8:53  Marine  
  137  8:55  Medivac  
  137  8:57  Marine  
  137  9:00  Marine  
  137  9:01  Missile Turret, Marine  
  137  9:02  Marine  
  136  9:06  Marine  
  136  9:08  Marine  
  136  9:09  Widow Mine  
  138  9:10  SCV  
  138  9:11  Marine  
  138  9:14  Marine  
  133  9:19  Marine x2  
  133  9:21  Orbital Command  
  131  9:24  SCV, Marine  
  131  9:26  Marine  
  133  9:34  Marine  
  133  9:35  Missile Turret  
  123  9:46  Medivac x2  
  123  9:48  Marine  
  117  9:54  Marauder, Marine  
  117  9:56  Marine  
  117  9:59  Missile Turret, Marine  
  112  10:07  Widow Mine x2, Marine  
  112  10:08  Marine  
  117  10:15  Marauder, Marine  
  117  10:16  Marine  
  117  10:19  Marine  
  122  10:21  Marine  
  122  10:25  Marine  
  122  10:26  Marine  
  125  10:33  Liberator  
  125  10:34  Liberator  
  129  10:37  Marine  
  129  10:40  Marine  
  129  10:41  Marine  
  130  10:43  Marine  
  130  10:47  Marauder  
  129  10:51  Marine  
  129  10:53  Marine  
  125  10:58  Marine  
  125  10:59  Marine  
  125  11:03  Marine x2  
  120  11:07  Marine  
  120  11:09  Marine  
  120  11:11  Marine  

Tags
 
Add a new tag
Caveats
  • Supply blocks, unpowered buildings, or Contaminate may cause inaccurate times.
  • Supply counts are checked every 10 seconds.